 Dungeon Crawl Stone Soup version 0.29.1-15-g9cfb28693d (webtiles) character file.

Game seed: 17061961197128064800

354 DemonSlayer the Digger (level 6, -2/42 HPs)
             Began as a Demonspawn Earth Elementalist on May 3, 2023.
             Slain by an orc warrior
             ... wielding a +0 glaive
              (12 damage)
             ... on level 4 of the Dungeon.
             The game lasted 00:08:27 (3791 turns).

DemonSlayer the Digger (DsEE)                       Turns: 3791, Time: 00:08:28

Health: -2/42      AC:  2    Str:  8    XL:     6   Next: 35%
Magic:  10/11      EV: 12    Int: 16    God:
Gold:   119        SH:  8    Dex: 21    Spells: 6/12 levels left

rFire   . . .      SeeInvis .   s - +6 short sword of Guile {flame, Dex+3}
rCold   . . .      Faith    .   u - +0 buckler
rNeg    . . .      Spirit   .   a - +0 robe
rPois   .          Reflect  .   (no helmet)
rElec   .          Harm     .   (no cloak)
rCorr   .          Rampage  .   (no gloves)
Will    .....                   (no boots)
Stlth   ++++......              (no amulet)
HPRegen 0.14/turn               n - ring of flight
MPRegen 0.12/turn               (no ring)

@: on berserk cooldown, flying, slowed, very slow
A: thin skeletal structure 1, condensation shield
a: no special abilities


You were on level 4 of the Dungeon.
You visited 1 branch of the dungeon, and saw 4 of its levels.

You collected 119 gold pieces.

Inventory:

Hand Weapons
 f - a +0 dagger
 s - the +6 short sword of Guile (weapon) {flame, Dex+3}
   (You found it on level 4 of the Dungeon)

   It burns those it strikes, dealing additional fire damage.
   Dex:       It affects your dexterity (+3).
Armour
 a - a +0 robe (worn)
 u - a +0 buckler (worn)
Jewellery
 n - a ring of flight (left hand)
 w - a ring of magical power
Wands
 t - a wand of iceblast (13)
Scrolls
 b - a scroll of enchant armour {unknown}
 c - 4 scrolls of teleportation {unknown}
 d - a scroll of vulnerability {unknown}
 g - a scroll of torment {unknown}
 p - a scroll of magic mapping {unknown}
 q - 2 scrolls of poison
 v - a scroll of blinking {unknown}
Potions
 e - a potion of haste {unknown}
 h - 2 potions of berserk rage
 i - 2 potions of heal wounds {unknown}
 j - 3 potions of flight {unknown}
 k - 3 potions of lignification {unknown}
 l - a potion of degeneration {unknown}
 m - 2 potions of curing
 o - a potion of invisibility {unknown}
 r - a potion of attraction {unknown}


   Skills:
 + Level 0.6 Fighting
 + Level 1.4 Short Blades
 + Level 2.2 Dodging
 + Level 3.3 Stealth
 + Level 0.3 Shields
 + Level 3.6 Spellcasting
 + Level 0.8 Transmutations
 + Level 4.3 Earth Magic
 + Level 0.2 Evocations


You had 6 spell levels left.
You knew the following spells:

 Your Spells              Type           Power      Damage    Failure   Level
a - Sandblast             Erth           32%        2d9       4%          1
b - Stone Arrow           Conj/Erth      18%        3d8       30%         3
c - Passwall              Tmut/Erth      9%         N/A       12%         2

Your spell library contained the following spells:

 Spells                   Type           Power      Damage    Failure   Level
 Shock                    Conj/Air       8%         1d3       24%         1
 Ozocubu's Armour         Ice            2%         N/A       58%         3
 Swiftness                Air            2%         N/A       58%         3
 Petrify                  Tmut/Erth      11%        N/A       63%         4
 Airstrike                Air            1%         2d(1-17)  94%         4
 Olgreb's Toxic Radiance  Pois           2%         N/A       94%         4
 Ozocubu's Refrigeration  Ice            1%         4d7       100%        7
 Ignition                 Fire           1%         3d3       100%        8


Dungeon Overview and Level Annotations

Branches:
Dungeon (4/15)
 Temple: D:4-7

Altars:
Ru
Vehumet

Annotations:
D:4 1 transporter


Innate Abilities, Weirdness & Mutations

You have a somewhat thin skeletal structure. (Dex +2, Stealth+)
A meltable shield of frost defends you. (SH +4)


Message History

You kill the orc!
Unknown command.
The mass of ice explodes!
The iceblast engulfs the orc warrior!
The orc warrior partially resists.
The orc warrior is severely wounded.
You feel a bit more experienced.
The iceblast engulfs the orc priest!
You kill the orc priest!
The blast of sand hits the orc warrior but does no damage.
The orc warrior is severely wounded.
The blast of sand hits the orc warrior but does no damage.
The orc warrior is severely wounded.
You block the orc warrior's attack.
The blast of sand hits the orc warrior.
The orc warrior is severely wounded.
The orc warrior hits you from afar with a +0 glaive!!
The blast of sand hits the orc warrior but does no damage.
The orc warrior is severely wounded.
The orc warrior hits you from afar with a +0 glaive!!
Ouch! That really hurt!
* * * LOW HITPOINT WARNING * * *
The orc warrior misses you.
Okay, then.
A red film seems to cover your vision as you go berserk!
You feel yourself moving faster!
You feel mighty! You block the orc warrior's attack.
You feel a strong urge to attack something.
You feel your anger nearly subside.
You are no longer berserk.
You are exhausted.
You feel yourself slow down. You block the orc warrior's attack.
The orc warrior closely misses you.
You feel better. The orc warrior barely misses you.
You feel better.
The orc warrior hits you from afar with a +0 glaive!
* * * LOW HITPOINT WARNING * * *
The orc warrior closely misses you. The orc warrior barely misses you.
The orc warrior hits you from afar with a +0 glaive!
You die...

#.# #.# ##.#### ####.....##
###.........# #...........#
##..........# ###........##
##.@.o....## #..###..#..##
##..# #####..## #..## ##..##
##).# ##..## #######..##
###..##### #........#
##.........
#.####..##########.....##...
#.......#.....##.....#####..


You could see an orc warrior.

Vanquished Creatures
  A black bear (D:4)
  2 jellies
  2 orc priests (D:4)
  Terence (D:3)
  An orc wizard (D:4)
  An adder (D:4)
  2 dart slugs
  7 orcs
  4 endoplasms
  4 giant cockroaches
  9 goblins
  7 hobgoblins
  3 jackals (D:3)
  2 quokkas
  5 ball pythons
  4 bats
  2 frilled lizards
  8 kobolds
  5 rats
70 creatures vanquished.

Notes
Turn   | Place    | Note
-------+----------+-------------------------------------------
     0 | D:1      | DemonSlayer the Demonspawn Earth Elementalist began the
                  | quest for the Orb.
     0 | D:1      | Reached XP level 1. HP: 13/13 MP: 3/3
    65 | D:1      | Reached skill level 3 in Earth Magic
   253 | D:1      | Gained mutation: You have a somewhat thin skeletal
                  | structure. (Dex +2, Stealth+) [demonic ancestry]
   253 | D:1      | Reached XP level 2. HP: 17/19 MP: 3/5
  1183 | D:2      | Found a radiant altar of Vehumet.
  1390 | D:2      | You are sucked into a shaft and drop 2 floors!
  1417 | D:4      | Noticed an orc warrior
  1457 | D:4      | Found a sacrificial altar of Ru.
  1478 | D:4      | Gained mutation: A meltable shield of frost defends you.
                  | (SH +4) [demonic ancestry]
  1478 | D:4      | Reached XP level 3. HP: 10/24 MP: 0/6
  1918 | D:4      | Found a transporter.
  1954 | D:4      | Reached XP level 4. HP: 21/30 MP: 5/8
  1958 | D:4      | Identified the +6 short sword of Guile {flame, Dex+3}
  2075 | D:4      | Noticed a black bear
  2363 | D:2      | Found a faded altar of an unknown god.
  2532 | D:2      | Learned a level 3 spell: Stone Arrow
  2535 | D:2      | Learned a level 2 spell: Passwall
  2644 | D:3      | Reached XP level 5. HP: 33/35 MP: 4/9
  2948 | D:3      | Noticed Terence
  2961 | D:3      | Killed Terence
  2962 | D:3      | Reached skill level 1 in Short Blades
  3478 | D:4      | Killed a black bear
  3479 | D:4      | Reached skill level 4 in Earth Magic
  3479 | D:4      | Reached XP level 6. HP: 42/42 MP: 9/11
  3772 | D:4      | HP: 1/42 [orc warrior/+0 glaive (21)]
  3791 | D:4      | Slain by an orc warrior

Illustrated notes

Levels and vault maps discovered:
D:1:      wander_arrival_peaceful_grave, layout_rooms
D:2:      layout_basic, basic_altar, shapermc_ecumenical_altar_petra,
          bh_walls_and_bars
D:3:      layout_rooms, uniq_terence
D:4:      layout_cave_pods, nicolae_ru_great_annihilating_truth,
          gammafunk_ghost_arena, serial_shops, shop

Skill      XL: |  1  2  3  4  5 |
---------------+----------------+-----
Earth Magic    | 3 4 |  4.3
Dodging        | 2 |  2.2
Stealth        | 2 3 |  3.3
Spellcasting   | 3 |  3.6
Short Blades   | 1 |  1.4
Fighting       | |  0.6
Shields        | |  0.3
Transmutations | |  0.8
Evocations     | |  0.2

Action                   |  1- 3 |  4- 6 || total
-------------------------+-------+-------++-------
Melee: Dagger            |    33 |       ||    33
       Punch             |     1 |       ||     1
       Short sword       |       |    28 ||    28
 Cast: Sandblast         |    31 |    47 ||    78
Evoke: Wand              |       |     5 ||     5
  Use: Potion            |     1 |     3 ||     4
       Scroll            |       |     3 ||     3
 Stab: Sleeping          |    12 |     2 ||    14
       Paralysed         |     1 |       ||     1
Armor: Robe              |     7 |     3 ||    10
Dodge: Dodged            |    17 |    30 ||    47
Block: Other             |       |     5 ||     5
       Buckler           |       |    11 ||    11
